 Dungeon Crawl Stone Soup version 0.24-a0-123-ga2403f3 (console) character file.

Game seed: 5293235667760383582

230 Duffy the Conjurer (level 6, -5/49 HPs)
             Began as a Naga Fire Elementalist on Feb 22, 2019.
             Slain by Grinder (7 damage)
             ... on level 4 of the Dungeon.
             The game lasted 00:03:55 (2568 turns).

Duffy the Conjurer (Naga Fire Elementalist)         Turns: 2568, Time: 00:03:56

Health: -5/49      AC:  5    Str: 10    XL:     6   Next: 3%
Magic:  5/10       EV: 10    Int: 17    God:
Gold:   110        SH:  0    Dex: 12    Spells: 3/11 levels left

rFire    . . .     SeeInvis +   m - +3 rapier
rCold    . . .     Gourm    .   (no shield)
rNeg     . . .     Faith    .   a - +0 robe
rPois    +         Spirit   .   (no helmet)
rElec    .         Reflect  .   (no cloak)
rCorr    +         Harm     .   b - +0 pair of gloves
MR       .....                  (no barding)
Stlth    ++........             (no amulet)
HPRegen  0.16/turn              d - ring of resist corrosion
MPRegen  0.12/turn              s - +1 ring of protection

@: very slow
A: large, see invisible, deformed body, poison resistance, slowness 2, slow
metabolism 1, spit poison 1, AC +2
a: Spit Poison


You were on level 4 of the Dungeon.
You were not hungry.

You visited 1 branch of the dungeon, and saw 4 of its levels.

You collected 110 gold pieces.

Inventory:

Hand Weapons
 i - a +0 dagger
 m - a +3 rapier (weapon)
Missiles
 k - 6 javelins (quivered)
Armour
 a - a +0 robe (worn)
 b - a +0 pair of gloves (worn)
Jewellery
 d - a ring of resist corrosion (left hand)
 s - a +1 ring of protection (right hand)
Scrolls
 e - a scroll of fog {unknown}
 f - a scroll of remove curse {unknown}
 g - a scroll of noise {unknown}
 j - a scroll of blinking {unknown}
 l - 2 scrolls of amnesia {unknown}
 o - 2 scrolls of identify {unknown}
 p - a scroll of teleportation {unknown}
Potions
 h - a potion of haste
 n - a potion of flight {unknown}
 q - a potion of ambrosia {unknown}
 r - 2 potions of might {unknown}
Comestibles
 c - 5 rations
 t - 2 chunks of flesh


   Skills:
 - Level 1.5 Dodging
 - Level 3.0 Stealth
 + Level 3.2 Spellcasting
 + Level 4.1 Conjurations
 + Level 4.1 Fire Magic


You had 3 spell levels left.
You knew the following spells:

 Your Spells              Type           Power        Failure   Level  Hunger
h - Flame Tongue          Conj/Fire      ###..        3%          1    None
j - Sticky Flame          Conj/Fire      ###.....     30%         4    ####...
l - Conjure Flame         Conj/Fire      ###.....     10%         3    ###....

Your spell library contained the following spells:

 Spells                   Type           Power        Failure   Level  Hunger
 Throw Flame              Conj/Fire      ###...       4%          2    ##.....
 Inner Flame              Hex/Fire       #.......     22%         3    ###....
 Fireball                 Conj/Fire      ###.......   65%         5    ######.


Dungeon Overview and Level Annotations

Branches:
Dungeon (4/15)
 Temple: D:4-7

Altars:

Annotations:
D:4 Grinder


Innate Abilities, Weirdness & Mutations

You cannot wear boots.
Your serpentine skin is tough. (AC +2)
You have supernaturally acute eyesight. (SInv)
Armour fits poorly on your strangely shaped body.
Your system is resistant to poisons. (rPois)
You cover ground very slowly.
You have a slow metabolism.
You can spit poison.


Message History

Cast which spell? (? or * to list)
The spell is quite dangerous to cast (30% risk of failure)!
Continue anyway?
Okay, then.
Cast which spell? (? or * to list)
The spell is quite dangerous to cast (30% risk of failure)!
Continue anyway?
Aiming: Sticky Flame (quite dangerous; 30% risk of failure)
Press: ? - help, Shift-Dir - straight line, f - Grinder
Aim: Grinder The sticky flame hits Grinder.
Grinder is lightly wounded.
Grinder is covered in liquid flames!
Grinder burns!
Grinder hits you.
You writhe in agony.
Cast which spell? (? or * to list)
Aiming: Flame Tongue (safe; 3% risk of failure)
Press: ? - help, Shift-Dir - straight line, f/p - Grinder
Aim: Grinder (lightly wounded, covered in liquid flames)
The flame tongue hits Grinder!
Grinder is moderately wounded.
Grinder burns!
Grinder hits you!
You die...

.. #.# #.. ##..
## #..# ... .##
.. #...## #.###
[.. ..##....##
#?..##..
........###.....#
... #.........#
##.##..).%....#
#....(..@....##
#.#....5.....#
#.......####
#.....###
#......# ##$..###
#####


You could see Grinder (burning).

Vanquished Creatures
  A crimson imp (D:4)
  A hound (D:4)
  Natasha (thrice) (D:4)
  An adder (D:2)
  3 gnolls (D:2)
  A worm (D:2)
  2 dart slugs (D:1)
  A leopard gecko (D:1)
  2 orcs
  6 bats
  2 giant cockroaches
  5 hobgoblins
  6 kobolds
  A quokka (D:2)
  4 frilled lizards
  7 goblins
  3 rats
49 creatures vanquished.

Notes
Turn   | Place    | Note
-------+----------+-------------------------------------------
     0 | D:1      | Duffy the Naga Fire Elementalist began the quest for the
                  | Orb.
     0 | D:1      | Reached XP level 1. HP: 15/15 MP: 3/3
   195 | D:1      | Reached XP level 2. HP: 22/22 MP: 5/5
   714 | D:1      | Reached XP level 3. HP: 27/28 MP: 0/6
   719 | D:1      | Learned a level 3 spell: Conjure Flame
  1504 | D:2      | Reached XP level 4. HP: 24/36 MP: 4/7
  2011 | D:3      | Noticed Grinder
  2012 | D:3      | Noticed Natasha
  2047 | D:4      | Reached XP level 5. HP: 18/42 MP: 2/9
  2268 | D:4      | Learned a level 4 spell: Sticky Flame
  2284 | D:4      | Killed Natasha
  2299 | D:4      | Noticed Natasha
  2306 | D:4      | Killed Natasha
  2360 | D:4      | Noticed Natasha
  2365 | D:4      | Killed Natasha
  2365 | D:4      | Reached XP level 6. HP: 18/49 MP: 6/10
  2558 | D:3      | Paralysed by Grinder for 7 turns
  2567 | D:4      | HP: 1/49 [Grinder (5)]
  2568 | D:4      | Slain by Grinder

Levels and vault maps discovered:
D:1:      minmay_arrival_hallway, layout_basic, grunt_decor_resistance
D:2:      layout_basic, minmay_statues_item, minivault_24,
          minmay_misc_feat_five, serial_bayou_lagoon_b
D:3:      layout_basic, lemuel_doored_altar, overflow_temple_1_default,
          overflow_temple_1_default, chequers_ecumenical_altar_grove,
          serial_curves, eino_curves_03, eino_curves_03, first_ration,
          nicolae_dithmenos_shadow_blocks, uniq_grinder, uniq_jessica,
          uniq_natasha
D:4:      layout_cave_pools

Skill      XL: |  1  2  3  4  5 |
---------------+----------------+-----
Conjurations   | 2 3 4 |  4.1
Spellcasting   | 3 |  3.2
Fire Magic     | 4 |  4.1
Dodging        | |  1.5
Stealth        | |  3.0

Action                   |  1- 3 |  4- 6 || total
-------------------------+-------+-------++-------
Melee: Rapier            |       |    25 ||    25
 Cast: Flame Tongue      |    31 |    26 ||    57
       Sticky Flame      |       |     1 ||     1
 Abil: Spit Poison       |    23 |     9 ||    32
  Eat: Chunk             |     2 |     4 ||     6
Armor: Robe              |     3 |    14 ||    17
Dodge: Dodged            |    11 |    18 ||    29

Table legend:
 A = Non-vault XP
 B = Vault XP
 C = Vault XP percentage of total XP
 D = Non-vault monster count
 E = Vault monster count
 F = Vault count percentage of total count
                 A         B        C        D         E       F
            +---------+---------+-------+---------+---------+-------
      Total |     294 |      35 |  10.6 |      48 |       1 |   2.0
            +---------+---------+-------+---------+---------+-------
        D:1 |      35 |       0 |   0.0 |      19 |       0 |   0.0
        D:2 |      88 |       0 |   0.0 |      22 |       0 |   0.0
        D:3 |       3 |       0 |   0.0 |       1 |       0 |   0.0
        D:4 |     168 |      35 |  17.2 |       6 |       1 |  14.3
            +---------+---------+-------+---------+---------+-------
